Map: Одиссея РВ

Players

ƎDǃBee - Winner!

  • Race: Zerg Zerg
  • League: Grandmaster
  • Spawn Location: 5:00

IIIIIIIIIIII

  • Race: Terran Terran
  • League: Grandmaster
  • Spawn Location: 11:00

VOD

Have the link to the VOD?

Description

Lusya

Time

  • Played on: Nov. 26, 2017, 6:54 a.m.
  • Length: 8:40
Show
View Real Time Build Order
Export as new Build Order

ƎDǃBee Zerg - Winner!

Build Orders: Hatch First 

Get SALT Encoding   

  12  0:01  Drone  
  13  0:12  Overlord  
  13  0:17  Drone  
  14  0:31  Drone x2  
  14  0:34  Drone  
  17  0:52  Hatchery  
  17  0:54  Drone  
  17  0:57  Drone  
  18  1:08  Extractor  
  17  1:12  Spawning Pool  
  17  1:15  Drone  
  17  1:18  Drone  
  18  1:27  Drone  
  19  1:38  Drone  
  20  1:49  Overlord  
  20  1:59  Roach Warren, Queen  
  20  2:00  Zergling x2  
  22  2:04  Queen  
  22  2:07  Drone  
  25  2:10  Drone  
  25  2:15  Drone  
  27  2:21  Drone  
  28  2:29  Overlord  
  27  2:38  Extractor  
  27  2:39  Roach x2  
  27  2:44  Roach  
  33  2:45  Queen  
  33  2:51  Roach  
  37  2:54  Drone  
  37  2:58  Drone  
  39  3:01  Ravager  
  41  3:05  Drone  
  41  3:09  Overlord  
  41  3:15  Overlord  
  41  3:27  Drone x3  
  41  3:29  Overlord  
  41  3:33  Ravager  
  45  3:35  Ravager  
  45  3:36  Drone x3  
  45  3:38  Drone  
  45  3:39  Extractor  
  49  3:51  Hatchery  
  49  3:52  Drone  
  49  3:53  Drone  
  50  3:57  Drone  
  50  4:02  Ravager  
  52  4:09  Drone x6  
  55  4:13  Extractor  
  55  4:16  Extractor  
  53  4:21  Drone x4  
  57  4:25  Lair  
  54  4:31  Overlord  
  54  4:33  Roach  
  56  4:40  Roach  
  56  4:42  Roach  
  56  4:44  Roach  
  56  4:52  Overlord x3  
  56  5:00  Roach x2  
  56  5:04  Queen  
  56  5:06  Roach x2  
  66  5:13  Drone x2  
  68  5:14  Roach x2  
  68  5:18  Ravager x3  
  68  5:20  Drone  
  68  5:21  Drone x2  
  78  5:24  Drone  
  79  5:28  Glial Reconstitution  
  79  5:30  Drone x2  
  79  5:34  Overlord  
  81  5:36  Overlord  
  81  5:39  Pneumatized Carapace  
  81  5:41  Overseer  
  81  5:48  Drone x4  
  85  5:52  Extractor x2  
  85  5:54  Drone x3  
  86  5:59  Drone x3  
  86  6:01  Drone  
  90  6:04  Overlord  
  90  6:06  Overlord  
  90  6:08  Roach  
  94  6:11  Roach  
  94  6:15  Roach x2  
  94  6:16  Ravager x2  
  94  6:17  Ravager  
  101  6:22  Roach  
  101  6:23  Roach x2  
  107  6:26  Roach  
  107  6:27  Roach  
  107  6:30  Roach  
  113  6:35  Roach x3  
  113  6:38  Overlord  
  113  6:39  Overlord  
  119  6:42  Roach  
  122  6:47  Ravager  
  122  6:56  Roach  
  122  6:57  Roach  
  122  6:58  Roach x2  
  122  6:59  Roach x3  
  126  7:05  Roach  
  126  7:06  Roach x2  
  126  7:07  Ravager  
  119  7:08  Roach x2  
  119  7:11  Ravager, Roach x2  
  119  7:13  Roach  
  117  7:19  Roach x2  
  117  7:20  Roach, Ravager  
  117  7:21  Ravager  
  125  7:26  Roach x3  
  125  7:28  Roach  
  133  7:30  Roach  
  133  7:33  Roach  
  137  7:43  Overlord x3  
  137  7:51  Overlord x2  
  137  7:59  Overlord x2  
  137  8:04  Overlord x2  
  137  8:08  Ravager  
  137  8:10  Roach x4  
  137  8:11  Ravager x2  
  137  8:12  Ravager x5  
  153  8:19  Roach x2  
  157  8:20  Roach x2  
  159  8:31  Ravager  
Show
View Real Time Build Order
Export as new Build Order

IIIIIIIIIIII Terran 

Build Orders: Reaper Expand 

Get SALT Encoding   

  12  0:00  SCV  
  13  0:12  SCV  
  14  0:17  Supply Depot  
  14  0:24  SCV  
  15  0:38  SCV  
  15  0:40  Barracks  
  16  0:44  Refinery  
  16  0:50  SCV  
  17  1:02  SCV  
  18  1:14  SCV  
  19  1:27  Reaper, Orbital Command  
  20  1:39  Command Center  
  20  1:51  Supply Depot  
  20  1:53  SCV  
  21  1:59  Marine  
  22  2:05  SCV  
  23  2:14  Factory  
  23  2:17  SCV  
  23  2:22  Barracks Reactor  
  24  2:29  SCV  
  25  2:38  Command Center  
  25  2:47  SCV  
  26  2:55  Orbital Command  
  26  2:59  Orbital Command, SCV  
  26  3:03  Barracks  
  27  3:09  Marine  
  27  3:10  Marine  
  27  3:11  Cyclone  
  32  3:19  Refinery  
  32  3:27  Marine x2  
  32  3:29  SCV  
  32  3:31  SCV  
  36  3:44  Cyclone  
  36  3:45  Marine x2  
  41  3:49  Orbital Command  
  41  3:53  SCV  
  42  3:57  Barracks Tech Lab  
  42  4:03  Marine  
  42  4:12  SCV x2  
  43  4:19  Marine  
  42  4:24  SCV x2  
  42  4:26  SCV  
  42  4:27  Supply Depot  
  42  4:29  Supply Depot  
  45  4:33  Stimpack  
  45  4:34  Factory Reactor  
  45  4:36  SCV x2  
  45  4:37  Marine  
  48  4:38  SCV  
  49  4:48  SCV x2  
  49  4:50  SCV  
  52  4:52  Engineering Bay  
  52  4:53  Engineering Bay  
  52  5:00  SCV  
  52  5:02  Marine  
  52  5:03  SCV x2  
  52  5:05  Barracks  
  56  5:13  SCV  
  57  5:15  SCV x2  
  57  5:19  Terran Infantry Armor Level 1, Terran Infantry Weapons Level 1  
  57  5:20  Supply Depot  
  59  5:22  Factory Reactor, Marine  
  59  5:23  Marine x2  
  62  5:30  SCV x2  
  62  5:31  SCV  
  65  5:40  Starport, Marine, Barracks  
  65  5:41  Barracks, Marine x2  
  68  5:44  SCV  
  68  5:46  SCV x2  
  71  5:52  Refinery  
  71  5:53  Refinery  
  71  5:58  Marine  
  71  6:02  Supply Depot  
  71  6:03  Supply Depot, SCV x2  
  75  6:05  Marine  
  75  6:06  Marine x3  
  75  6:09  Orbital Command  
  78  6:14  Supply Depot  
  78  6:15  Supply Depot, SCV x2  
  78  6:16  Marine  
  78  6:18  Starport Reactor  
  81  6:19  Supply Depot  
  81  6:22  Medivac  
  83  6:27  SCV  
  83  6:28  Barracks Reactor, SCV  
  83  6:30  Barracks Reactor  
  85  6:34  Factory Reactor  
  85  6:35  Armory, SCV  
  87  6:40  SCV x2  
  87  6:41  Bunker  
  88  6:47  SCV  
  88  6:49  Supply Depot  
  88  6:52  SCV x2  
  91  6:59  SCV  
  92  7:04  SCV  
  92  7:05  Marine x2  
  92  7:06  Marine x6  
  91  7:12  Marine  
  81  7:23  Cyclone, Supply Depot, Marine x3  
  81  7:24  Marine x5  
  81  7:25  SCV x2  
  93  7:30  Marine  
  93  7:32  Supply Depot, SCV  
  93  7:36  Medivac x2  
  98  7:37  SCV x2  
  98  7:41  Marine x4  
  98  7:42  Marine x4  
  98  7:44  Orbital Command  
  105  7:51  Marine  
  98  7:59  Marine x6  
  98  8:00  SCV x2, Marine  
  98  8:04  Marine  
  107  8:09  Marine  
  107  8:12  SCV x3  
  110  8:16  Marine  
  110  8:17  Marine  
  111  8:24  SCV x3  
Tags
 
Add a new tag
Caveats
  • Supply blocks, unpowered buildings, or Contaminate may cause inaccurate times.
  • Supply counts are checked every 10 seconds.